 Dungeon Sprint DCSS version 0.20-a0-266-gdedccd6 (console) character file.

23 Blackmore the Skirmisher (level 2, -5/31 HPs)
             Began as a Minotaur Fighter on Dec 6, 2016.
             Was an Initiate of Okawaru.
             Slain by an orc warrior
             ... wielding a +0 trident
              (12 damage)
             ... while paralysed by a floating eye
             ... in the Dungeon (Sprint VII: "The Pits").
             The game lasted 00:01:33 (346 turns).

Blackmore the Skirmisher (Minotaur Fighter)          Turns: 346, Time: 00:01:34

Health: -5/31      AC:  6    Str: 20    XL:     2   Next: 75%
Magic:  1/1        EV:  2    Int:  5    God:    Okawaru [......]
Gold:   0          SH:  0    Dex:  9    Spells: 1/1 levels left

rFire  . . .     SeeInvis .     a - +0 war axe
rCold  . . .     Gourm    .     b - +0 scale mail
rNeg   . . .     Faith    .     c - +0 shield
rPois  .         Spirit   .     (helmet restricted)
rElec  .         Reflect  .     (no cloak)
rCorr  .         Harm     .     (no gloves)
MR     .....     NoTele   +     (no boots)
Stlth  ..........               (no amulet)
                                (no ring)
                                (no ring)

@: paralysed
A: retaliatory headbutt, horns 2
a: Renounce Religion


You were in the Dungeon.
You worshipped Okawaru.
Okawaru was noncommittal.
You were not hungry.

You visited 1 branch

Inventory:

Hand Weapons
 a - a +0 war axe (weapon)
Armour
 b - a +0 scale mail (worn)
 c - a +0 shield (worn)
Scrolls
 k - a scroll of blinking
 m - 3 scrolls of remove curse
 n - 5 scrolls of amnesia
 o - a scroll of summoning
Potions
 d - a potion of might
 e - a potion of curing
 g - a potion of heal wounds
 h - a potion of haste
 i - 4 potions of magic
 j - 3 potions of berserk rage
 l - 2 potions of invisibility
Comestibles
 f - 8 bread rations
 p - 40 fruits
 q - 7 meat rations
 r - a chunk of flesh


   Skills:
 * Level 6.7 Fighting
 * Level 4.3 Axes
 - Level 3.6 Armour
 - Level 3.6 Shields


You had one spell level left.
You didn't know any spells.

Dungeon Overview and Level Annotations

Branches:
Dungeon (1/1)

Altars:
Ashenzari
Cheibriados
Dithmenos
Elyvilon
Fedhas
Gozag
Hepliaklqana
Kikubaaqudgha
Makhleb
Nemelex Xobeh
Okawaru
Qazlal
Ru
Sif Muna
Trog
Uskayaw
Vehumet
Xom
Yredelemnul
Zin
The Shining One
Beogh
Jiyva
Lugonu


Innate Abilities, Weirdness & Mutations

You reflexively headbutt those who attack you in melee.
You have a pair of horns on your head.


Message History

You kill the orc!
Okawaru accepts your kill. The jackal closely misses you.
You furiously retaliate!
You headbutt the jackal. You block the orc warrior's attack.
You slash the jackal!
You kill the jackal!
Okawaru accepts your kill. You block the orc warrior's attack.
You slash the floating eye!
The floating eye is heavily wounded.
The orc warrior hits you from afar with a trident!
The floating eye gazes piercingly through you!
You suddenly lose the ability to move!
The orc warrior hits you from afar with a trident!
* * * LOW HITPOINT WARNING * * *
The floating eye's view fixates on you.
The orc wizard casts a spell.
The orc wizard seems to speed up.
The orc warrior hits you from afar with a trident!
You die...

#__________#
#__________#
#____#####'###########++
######)))#.##...........
#.?(.')))'.##......#..#
##########.##..........
#...........'...........
+#####)#####......#..#.
#...@.##...........
#####G#####'#####+
#....o##.......#
#.....##.......#
###o####.......# ..o
#...<...# ...Gh
#.......# #......
#.......# #######
#.......#


You could see an orc warrior and a floating eye.

Vanquished Creatures
  A gnoll (D)
  An adder zombie (D)
  2 orcs (D)
  2 jackals (D)
  A ball python skeleton (D)
  A frilled lizard (D)
  A jackal skeleton (D)
9 creatures vanquished.

Notes
Turn   | Place    | Note
-------+----------+-------------------------------------------
     0 | D        | Blackmore the Minotaur Fighter began the quest for the Orb.
     0 | D        | Reached XP level 1. HP: 19/19 MP: 0/0
    11 | D        | Reached skill level 4 in Fighting
    45 | D        | Found a radiant altar of Vehumet.
    45 | D        | Found a hide-covered altar of Uskayaw.
    45 | D        | Found an ancient bone altar of Kikubaaqudgha.
    45 | D        | Found a viscous altar of Jiyva.
    45 | D        | Found a hazy altar of Hepliaklqana.
    46 | D        | Found a bloodstained altar of Trog.
    46 | D        | Found a deep blue altar of Sif Muna.
    46 | D        | Found a sacrificial altar of Ru.
    46 | D        | Found a stormy altar of Qazlal.
    46 | D        | Found an iron altar of Okawaru.
    46 | D        | Found a sparkling altar of Nemelex Xobeh.
    46 | D        | Found an opulent altar of Gozag.
    46 | D        | Found a blossoming altar of Fedhas.
    46 | D        | Found a white marble altar of Elyvilon.
    46 | D        | Found a shadowy altar of Dithmenos.
    46 | D        | Found a snail-covered altar of Cheibriados.
    47 | D        | Found a burning altar of Makhleb.
    47 | D        | Found a glowing golden altar of the Shining One.
    47 | D        | Found a glowing silver altar of Zin.
    47 | D        | Found a basalt altar of Yredelemnul.
    47 | D        | Found a roughly hewn altar of Beogh.
    48 | D        | Found a corrupted altar of Lugonu.
    48 | D        | Found a shimmering altar of Xom.
    48 | D        | Found a shattered altar of Ashenzari.
    53 | D        | Became a worshipper of Warmaster Okawaru
    73 | D        | Reached skill level 5 in Fighting
    73 | D        | Reached XP level 2. HP: 6/30 MP: 1/1
   326 | D        | Reached skill level 6 in Fighting
   330 | D        | Noticed an orc warrior
   330 | D        | Noticed a floating eye
   344 | D        | Paralysed by a floating eye for 3 turns
   346 | D        | Slain by an orc warrior

Vault maps used:
D:        pitsprint

Skill      XL: |  1  2 |
---------------+-------+-----
Fighting       | 5 6 |  6.7
Axes           | 3 4 |  4.3
Armour         | |  3.6
Shields        | |  3.6

Action                   || total
-------------------------++-------
Melee: War axe           ||    21
       Headbutt          ||     3
Armor: Scale mail        ||     4
Dodge: Dodged            ||    12
Block: Shield            ||     8
